 Dungeon Crawl Stone Soup version 0.29-a0-222-g5b244fca1f (webtiles) character file.

Game seed: 3949486086843379661

22425 Inarius the Cleaver (level 12, -6/92 HPs)
             Began as a Demonspawn Fighter on Feb 27, 2022.
             Was a Believer of Nemelex Xobeh.
             Mangled by a komodo dragon (20 damage)
             ... on level 2 of the Lair of Beasts.
             The game lasted 00:19:57 (16312 turns).

Inarius the Cleaver (Demonspawn Fighter)           Turns: 16312, Time: 00:19:57

Health: -6/92      AC: 26    Str: 22    XL:     12   Next: 62%
Magic:  18/18      EV: 11    Int:  9    God:    Nemelex Xobeh [**....]
Gold:   551        SH:  5    Dex: 13    Spells: 11/11 levels left

rFire   . . .      SeeInvis .   a - +0 war axe
rCold   . . .      Faith    .   c - +0 buckler
rNeg    . . .      Spirit   .   h - +0 chain mail
rPois   .          Reflect  .   (helmet restricted)
rElec   .          Harm     .   y - +2 cloak {rCorr}
rCorr   +          Rampage  .   (no gloves)
Will    +....                   (no boots)
Stlth   ..........              (no amulet)
HPRegen 0.25/turn               f - ring of willpower
MPRegen 0.16/turn               u - +4 ring of evasion

@: sanguine armoured
A: horns 2, ignite blood 1, spiny 1, sanguine armour 3
a: Renounce Religion, Draw Escape, Draw Destruction, Draw Summoning


You were on level 2 of the Lair of Beasts.
You worshipped Nemelex Xobeh.
Nemelex Xobeh was pleased with you.
You visited 3 branches of the dungeon, and saw 15 of its levels.

You collected 551 gold pieces.

Inventory:

Hand Weapons
 a - a +0 war axe (weapon)
 b - a +2 demon whip of venom
 t - the +2 scimitar "Daaqimim" {drain, rElec rPois}
   (You found it on level 11 of the Dungeon)

   A truly terrible weapon, it drains the life of any living foe it strikes.
   rElec:     It insulates you from electricity.
   rPois:     It protects you from poison.
 H - a +0 hand axe of flaming
Armour
 c - a +0 buckler (worn)
 d - the +7 plate armour "Cusux" {Rampage rC- rCorr Dex+2}
   (You found it on level 3 of the Dungeon)

   Dex:       It affects your dexterity (+2).
   rC:        It makes you vulnerable to cold.
   rCorr:     It protects you from acid and corrosion.
   Rampage:   It bestows one free step when moving towards enemies.
 h - a +0 chain mail (worn)
 i - a +0 plate armour
 y - a +2 cloak of preservation (worn)
Jewellery
 f - a ring of willpower (left hand)
 l - a +6 ring of dexterity
 r - a ring of fire
 u - a +4 ring of evasion (right hand)
Wands
 k - a wand of digging (8)
 v - a wand of mindburst (7)
 x - a wand of iceblast (12)
Scrolls
 e - 5 scrolls of blinking
 j - 2 scrolls of amnesia {unknown}
 m - 5 scrolls of teleportation
 o - a scroll of noise
 p - 2 scrolls of enchant armour
 z - 2 scrolls of fog {unknown}
 C - 3 scrolls of fear {unknown}
 D - a scroll of summoning
 G - a scroll of magic mapping
Potions
 g - 5 potions of mutation
 n - a potion of resistance {unknown}
 q - 4 potions of attraction
 s - 2 potions of heal wounds
 w - a potion of magic
 A - a potion of brilliance {unknown}
 B - 3 potions of curing
 E - 2 potions of cancellation {unknown}
 F - a potion of lignification {unknown}
 I - a potion of haste {unknown}


   Skills:
 + Level 8.0 Fighting
 * Level 14.2 Axes
 + Level 8.6 Armour
 + Level 5.5 Shields
 * Level 8.6 Invocations
 + Level 3.9 Evocations


You had 11 spell levels left.
You didn't know any spells.
Your spell library contained the following spells:

 Spells                   Type           Power      Damage    Failure   Level
 Freeze                   Ice            0%         1d3       98%         1
 Ensorcelled Hibernation  Hex/Ice        0%         N/A       99%         2
 Passwall                 Tmut/Erth      0%         N/A       99%         2
 Frozen Ramparts          Ice            0%         1d2       100%        3
 Spider Form              Tmut/Pois      0%         N/A       100%        3
 Swiftness                Air            0%         N/A       100%        3
 Airstrike                Air            0%         N/A       100%        4
 Anguish                  Hex/Necr       0%         N/A       100%        4
 Hailstorm                Conj/Ice       0%         3d3       100%        4
 Summon Lightning Spire   Summ/Air       0%         N/A       100%        4
 Lightning Bolt           Conj/Air       0%         1d11      100%        5


Dungeon Overview and Level Annotations

Branches:
Dungeon (11/15)            Temple (1/1) D:7            Lair (3/6) D:8
 Spider (0/4) Lair:2          Orc (0/2) D:11
  Swamp: Lair:2-4    Shoals: Lair:2-4

Altars:
Ashenzari
Cheibriados
Dithmenos
Elyvilon
Fedhas
Hepliaklqana
Kikubaaqudgha
Makhleb
Nemelex Xobeh
Okawaru
Qazlal
Ru
Sif Muna
Trog
Uskayaw
Vehumet
Wu Jian
Xom
Zin
The Shining One

Portals:
Trove: D:11 (give +3 storm dragon scales)

Annotations:
D:3 3 runed translucent doors, Ontamu's ghost, amateur OpCj


Innate Abilities, Weirdness & Mutations

You have a pair of horns on your head.
Your demonic aura sometimes causes spilled blood to erupt in flames.
You are partially covered in sharp spines.
When seriously injured, your blood forms very thick armour. (AC +12)


Message History

Unknown command.
You are too injured to fight recklessly!
The water moccasin closely misses you.
The komodo dragon bites you but does no damage.
You block the water moccasin's attack.
You hit the komodo dragon.
The komodo dragon is lightly wounded.
You block the komodo dragon's attack.
You hit the komodo dragon. You headbutt the komodo dragon!
The komodo dragon is heavily wounded.
You block the komodo dragon's attack.
You slash the komodo dragon!
You headbutt the komodo dragon, but do no damage.
The komodo dragon is severely wounded.
You slash the komodo dragon! You headbutt the komodo dragon.
You kill the komodo dragon!
You barely miss the komodo dragon.
The komodo dragon is engulfed in blazing flames.
The komodo dragon is struck by your spines.
The komodo dragon bites you.
You slash the komodo dragon! Your headbutt misses the komodo dragon.
The komodo dragon is moderately wounded.
You hit the komodo dragon but do no damage.
Your headbutt misses the komodo dragon.
The komodo dragon is moderately wounded.
The komodo dragon is engulfed in blazing flames.
The komodo dragon bites you!
You hit the komodo dragon but do no damage.
The komodo dragon is heavily wounded.
The komodo dragon is engulfed in blazing flames.
The komodo dragon bites you!
* * * LOW HITPOINT WARNING * * *
You hit the komodo dragon.
The komodo dragon is almost dead.
The komodo dragon bites you but does no damage.
You hit the komodo dragon.
The komodo dragon is almost dead.
The komodo dragon bites you!!
You die...
Your body disappears without a glow.

# ##.....######## ##.#...#. #
###.....#.# #####>##. #
#....###### ##.#.#.#. #....# ###
##..###.. ##....# #.## ##.......
#....## ### #.P### #.##.#.## #
##...# #.###....#####.###.. #
#...######.#°.....## ##.##.. #
#...##.#P.#@#......## ###... #
#........†l##.......# ##.[ #
##........†S†.......## #..P
#####....###.###†..>..>.# ###.##
.≈≈#.....###....###....## #....#
≈..#.#....#..>....#.#.## ##.⌠.+
.....#######........#### #...##
≈≈≈≈≈≈######.#.......#.#####...#.
≈.≈≈≈≈≈≈#.#######..............#.


You could see a komodo dragon and a water moccasin.

Vanquished Creatures
  A hydra (Lair:2)
  A boulder beetle (D:10)
  3 two-headed ogres
  Amaemon (Lair:1)
  A cyclops (D:10)
  An orange demon (Lair:1)
  6 elephants
  2 black mambas
  Joseph (D:7)
  An unseen horror (D:10)
  2 rime drakes (Lair:1)
  4 cane toads
  3 komodo dragons (Lair:2)
  A meliai (Lair:2)
  A polar bear (Lair:2)
  4 blink frogs (Lair:2)
  Sigmund (D:3)
  Grum (D:8)
  2 wyverns (Lair:1)
  2 basilisks
  24 yaks
  A steam dragon (D:9)
  2 acid dragons
  4 water moccasins
  7 orc warriors
  2 ice beasts (D:5)
  A sky beast (D:6)
  5 black bears
  22 wolves
  An ogre (D:5)
  A phantom (D:6)
  3 centaurs
  2 kobold brigands
  14 bullfrogs
  4 scorpions
  6 killer bees
  3 wights (D:7)
  7 howler monkeys
  4 hounds
  2 jellies
  2 orc priests
  A gnoll shaman (D:10)
  3 iguanas
  Crazy Yiuf (D:3)
  8 orc wizards
  Robin (D:4)
  6 gnolls
  14 adders
  A shadow imp (D:6)
  3 white imps
  An ufetubus (D:7)
  A worm (D:3)
  4 dart slugs
  30 orcs
  7 ball pythons
  8 endoplasms
  3 giant cockroaches
  18 goblins
  8 hobgoblins
  4 jackals (D:2)
  3 quokkas
  8 bats
  A frilled lizard (D:3)
  14 kobolds
  6 rats
310 creatures vanquished.

Vanquished Creatures (others)
  A goblin (D:3)
  16 fungi
  22 plants
39 creatures vanquished.

Grand Total: 349 creatures vanquished

Notes
Turn   | Place    | Note
-------+----------+-------------------------------------------
     0 | D:1      | Inarius the Demonspawn Fighter began the quest for the Orb.
     0 | D:1      | Reached XP level 1. HP: 18/18 MP: 1/1
    94 | D:1      | Reached skill level 2 in Axes
   300 | D:1      | Gained mutation: You have a pair of small horns on your
                  | head. [demonic ancestry]
   300 | D:1      | Reached XP level 2. HP: 24/24 MP: 2/2
   777 | D:2      | Found a faded altar of an unknown god.
   866 | D:2      | Gained mutation: You are partially covered in sharp spines.
                  | [demonic ancestry]
   866 | D:2      | Reached XP level 3. HP: 29/29 MP: 3/3
  1137 | D:2      | Reached skill level 3 in Axes
  1139 | D:2      | Reached XP level 4. HP: 27/35 MP: 4/4
  1550 | D:3      | Noticed a centaur
  1628 | D:3      | Killed a centaur
  1629 | D:3      | Reached skill level 4 in Axes
  1629 | D:3      | Reached XP level 5. HP: 36/41 MP: 5/5
  1674 | D:3      | Found a runed translucent gate.
  1674 | D:3      | Found a runed translucent gate.
  1675 | D:3      | Found a runed translucent gate.
  1686 | D:3      | Noticed Sigmund
  1703 | D:3      | Killed Sigmund
  1704 | D:3      | Reached skill level 5 in Axes
  1704 | D:3      | Gained mutation: When seriously injured, your blood forms
                  | armour. (AC +12) [demonic ancestry]
  1704 | D:3      | Reached XP level 6. HP: 36/48 MP: 6/6
  1820 | D:3      | Noticed Ontamu's ghost (amateur OpCj)
  1952 | D:3      | Identified the +7 plate armour "Cusux" {Rampage rC- rCorr
                  | Dex+2}
  2093 | D:3      | Found a runed translucent door.
  2094 | D:3      | Noticed Crazy Yiuf
  2195 | D:3      | Killed Crazy Yiuf
  2285 | D:4      | Gained mutation: You have a pair of horns on your head.
                  | [demonic ancestry]
  2285 | D:4      | Reached XP level 7. HP: 40/53 MP: 7/7
  2514 | D:4      | Reached skill level 6 in Axes
  2826 | D:4      | Noticed Robin
  2845 | D:4      | Killed Robin
  3082 | D:5      | Entered Level 5 of the Dungeon
  3514 | D:5      | Gained mutation: When seriously injured, your blood forms
                  | thick armour. (AC +12) [demonic ancestry]
  3514 | D:5      | Reached XP level 8. HP: 55/60 MP: 8/8
  3546 | D:5      | Reached skill level 7 in Axes
  3664 | D:5      | Reached skill level 1 in Evocations
  4642 | D:6      | Reached skill level 8 in Axes
  4911 | D:6      | Reached skill level 5 in Armour
  4922 | D:6      | Identified the +2 robe "Vumaxza" {Slay+2}
  5327 | D:7      | Noticed Joseph
  5457 | D:7      | Killed Joseph
  5458 | D:7      | Gained mutation: When seriously injured, your blood forms
                  | very thick armour. (AC +12) [demonic ancestry]
  5458 | D:7      | Reached XP level 9. HP: 21/66 MP: 9/9
  5746 | D:7      | Reached skill level 9 in Axes
  5836 | D:7      | Found a staircase to the Ecumenical Temple.
  5851 | Temple   | Entered the Ecumenical Temple
  6014 | Temple   | Became a worshipper of Nemelex Xobeh the Trickster
  6140 | D:7      | Reached skill level 1 in Invocations
  6378 | D:8      | Reached skill level 5 in Fighting
  6771 | D:8      | Reached skill level 10 in Axes
  6899 | D:8      | Found a staircase to the Lair.
  7316 | D:9      | Noticed a two-headed ogre
  7321 | D:9      | Killed a two-headed ogre
  7322 | D:9      | Reached XP level 10. HP: 74/74 MP: 12/12
  7465 | D:9      | Noticed Grum
  7465 | D:9      | Noticed a two-headed ogre
  7736 | D:9      | Reached skill level 11 in Axes
  7866 | D:8      | Killed Grum
  7918 | D:9      | Killed a two-headed ogre
  8047 | D:9      | Reached * piety under Nemelex Xobeh
  8234 | D:9      | Reached skill level 5 in Invocations
  8356 | D:10     | Entered Level 10 of the Dungeon
  8764 | D:10     | Reached skill level 12 in Axes
  8764 | D:10     | Gained mutation: Your demonic aura sometimes causes spilled
                  | blood to erupt in flames. [demonic ancestry]
  8764 | D:10     | Reached XP level 11. HP: 66/81 MP: 14/14
  8968 | D:10     | Found a shadowy altar of Dithmenos.
  9052 | D:10     | Received a gift from Nemelex Xobeh
  9189 | D:10     | Noticed a two-headed ogre
  9196 | D:10     | Killed a two-headed ogre
 10021 | D:11     | Noticed a boulder beetle
 10758 | D:10     | Killed a boulder beetle
 10874 | D:11     | Identified the +2 scimitar "Daaqimim" {drain, rElec rPois}
 10982 | D:11     | Found a staircase to the Orcish Mines.
 11033 | D:11     | Reached ** piety under Nemelex Xobeh
 11255 | D:11     | Found a portal to a secret trove of treasure.
 11354 | Lair:1   | Entered Level 1 of the Lair of Beasts
 12393 | Lair:1   | Noticed Amaemon
 12419 | Lair:1   | Killed Amaemon
 12420 | Lair:1   | Reached skill level 5 in Shields
 12659 | Lair:1   | Reached skill level 13 in Axes
 13829 | Lair:2   | Reached XP level 12. HP: 69/91 MP: 17/17
 14658 | Lair:2   | Noticed a four-headed hydra
 14687 | Lair:2   | Killed a one-headed hydra
 14923 | Lair:2   | Reached skill level 14 in Axes
 15315 | Lair:2   | Found a hole to the Spider Nest.
 16312 | Lair:2   | Mangled by a komodo dragon

Illustrated notes

Levels and vault maps discovered:
D:1:      matt_arrival_grand_opening, layout_rooms
D:2:      layout_loops_ring, shapermc_ecumenical_altar_notcrosses,
          minmay_close_crescents
D:3:      layout_rooms, gammafunk_ghost_icy, uniq_sigmund,
          uniq_crazy_yiuf_cottage
D:4:      layout_loops_cross, uniq_robin
D:5:      layout_gridville
D:6:      layout_basic
D:7:      layout_rooms, minmay_temple_entry_glassed_door, uniq_joseph
D:8:      layout_basic, grunt_lair_entry_orc_guard_hut
D:9:      layout_loops_ring, uniq_grum
D:10:     layout_loops_corners, kennysheep_mini, minmay_misc_feat_tiny
D:11:     layout_rooms, orc_0_dummy, nicolae_trove_entry_crystal,
          hangedman_abyss_or_decor_clamps
Temple:   mainiacjoe_temple_archimedes_tessellation
Lair:1:   dragon1_lemuel, layout_cave_pods, grunt_megastairs_1,
          serial_bayou_shore_b, infiniplex_staircase_pool_2, uniq_amaemon
Lair:2:   layout_concentric_octagons, hellmonk_spider_entry_not_the_bees,
          chequers_serial_rivers_small_3, grunt_megastairs_4
Lair:3:   layout_roguey, minmay_swamp_entry_reptiles, grunt_megastairs_5,
          lemuel_fruit_tree, uniq_fannar

Skill      XL: |  1  2  3  4  5  6  7  8  9 10 11 12 |
---------------+-------------------------------------+-----
Axes           | 2 3 4 5 6 8 10 12 13 14 | 14.2
Armour         | 3 4 5 6 8 |  8.6
Shields        | 3 4 5 |  5.5
Fighting       | 4 5 6 7 8 |  8.0
Evocations     | 2 3 |  3.9
Invocations    | 3 5 7 8 |  8.6

Action                   |  1- 3 |  4- 6 |  7- 9 | 10-12 || total
-------------------------+-------+-------+-------+-------++-------
Melee: War axe           |    72 |    55 |   261 |   438 ||   826
       Headbutt          |    11 |    16 |    57 |   120 ||   204
       Scimitar          |       |       |       |     4 ||     4
       Hand axe          |       |       |       |     6 ||     6
Invok: Draw Destruction  |       |       |       |     6 ||     6
       Draw Summoning    |       |       |       |     1 ||     1
Evoke: Wand              |       |       |     7 |    16 ||    23
  Use: Potion            |       |     1 |     4 |     2 ||     7
       Scroll            |       |       |     8 |     7 ||    15
Armor: Scale mail        |    12 |       |       |       ||    12
       Chain mail        |    38 |    37 |   115 |   216 ||   406
Dodge: Dodged            |    27 |    26 |    81 |   196 ||   330
Block: Buckler           |    18 |    18 |    68 |   124 ||   228

Table legend: (Time is in decaauts)
 A = Elapsed time spent in this place.
 B = Non-inter-level travel time spent in this place.
 C = Inter-level travel time spent in this place.
 D = Time resting spent in this place.
 E = Time spent auto-exploring this place.
 F = Levels seen in this place.
 G = Mean time per level.
                   A        B        C        D        E       F      G
               +--------+--------+--------+--------+--------+-----+--------+
         Total |  16396 |  15491 |    905 |   5505 |   7445 |  15 | 1093.1 |
       Dungeon |  11565 |  10767 |    798 |   2893 |   6049 |  11 | 1051.4 |
        Temple |    185 |    151 |     34 |      0 |    132 |   1 |  185.0 |
          Lair |   4645 |   4573 |     72 |   2611 |   1264 |   3 | 1548.3 |
               +--------+--------+--------+--------+--------+-----+--------+

Top non-repeatable levels by time:
  Lair:1: 2621 daAuts
    D:10: 2142 daAuts
  Lair:2: 1953 daAuts
     D:9: 1216 daAuts
     D:8: 1211 daAuts
     D:6: 1176 daAuts
     D:4: 1149 daAuts
     D:7: 929 daAuts
     D:2: 894 daAuts
     D:5: 855 daAuts
     D:3: 743 daAuts
     D:1: 703 daAuts
    D:11: 543 daAuts
  Temple: 185 daAuts
  Lair:3: 70 daAuts
